 Dungeon Crawl Stone Soup version 0.27-a0-385-g3208abaabc (webtiles) character file.

Game seed: 16593222245568930366

107662 omnomnOMINOUS the Impaler (level 16, -1/134 HPs)
             Began as a Merfolk Ice Elementalist on Feb 16, 2021.
             Was the Champion of Vehumet.
             Slain by a tarantella zombie (11 damage)
             ... on level 1 of the Spider Nest on Feb 19, 2021.
             The game lasted 03:39:33 (35012 turns).

omnomnOMINOUS the Impaler (MfIE)                   Turns: 35012, Time: 03:39:34

Health: -1/134     AC: 14    Str:  9    XL:     16   Next: 47%
Magic:  22/28      EV: 12    Int: 33    God:    Vehumet [******]
Gold:   484        SH:  0    Dex: 18    Spells: 6/31 levels left

rFire    . . .     SeeInvis .   b - +2 trident (vamp)
rCold    + . .     Faith    .   P - +2 buckler
rNeg     . . .     Spirit   .   S - +0 acid dragon scales
rPois    +         Reflect  +   N - +2 helmet of Defiance {rPois}
rElec    +         Harm     .   I - +0 cloak of Insecurity {rElec rC+ Will+ Dex+4}
rCorr    +         Rampage  .   J - +2 pair of gloves
Will     ++...                  q - +0 pair of boots
Stlth    ++........             z - amulet of reflection
HPRegen  0.32/turn              L - +6 ring of intelligence
MPRegen  0.21/turn              y - +6 ring of intelligence

@: held
A: change form in water, swift swim, stealthy swim
a: Renounce Religion


You were on level 1 of the Spider Nest.
You worshipped Vehumet.
Vehumet was exalted by your worship.
You visited 7 branches of the dungeon, and saw 27 of its levels.
You visited 1 bazaar.
You also visited: Ice Cave and Volcano.

You collected 2722 gold pieces.
You spent 2238 gold pieces at shops.

Inventory:

Hand Weapons
 a - a +0 glaive of flaming
 b - a +2 vampiric trident (weapon)
 c - the +7 great mace "Firestarter" {inner flame, rF++}
   (You found it on level 11 of the Dungeon)

   It has been specially enchanted to burn those struck by it, causing extra
   injury to most foes and up to half again as much damage against particularly
   susceptible opponents.
   It greatly protects you from fire.
Missiles
 E - a curare-tipped dart
Armour
 q - a +0 pair of boots (worn)
 I - the +0 cloak of Insecurity (worn) {rElec rC+ Will+ Dex+4}
   (You found it on level 8 of the Dungeon)

   It affects your dexterity (+4).
   It protects you from cold.
   It insulates you from electricity.
   It affects your willpower, your defense against some magical effects.
 J - a +2 pair of gloves (worn)
 N - the +2 helmet of Defiance (worn) {rPois}
   (You found it on level 6 of the Lair of Beasts)

   It protects you from poison.
 P - a +2 buckler (worn)
 S - +0 acid dragon scales (worn)
Jewellery
 m - a ring of see invisible
 n - a ring of willpower
 y - a +6 ring of intelligence (right hand)
 z - an amulet of reflection (around neck)
 L - a +6 ring of intelligence (left hand)
 U - a ring of protection from cold
Wands
 j - a wand of polymorph (16)
 A - a wand of acid (19)
Scrolls
 d - 2 scrolls of amnesia
 i - 3 scrolls of enchant weapon
 l - 10 scrolls of identify
 o - 10 scrolls of teleportation
 r - 3 scrolls of noise
 s - 2 scrolls of enchant armour
 t - 3 scrolls of fear
 v - 4 scrolls of blinking
 w - 5 scrolls of fog
 B - a scroll of vulnerability
 K - 3 scrolls of immolation
 R - a scroll of silence
 Y - 2 scrolls of magic mapping
Potions
 e - 20 potions of curing
 g - 2 potions of ambrosia
 h - 4 potions of flight
 p - 3 potions of haste
 u - 4 potions of resistance
 x - 5 potions of brilliance
 C - 4 potions of heal wounds
 D - 6 potions of lignification
 F - a potion of invisibility
 G - 5 potions of attraction
 H - 2 potions of berserk rage
 M - a potion of mutation
 Q - 3 potions of cancellation
 T - 3 potions of magic
 V - 6 potions of might
Miscellaneous
 f - a lightning rod (4/4)
 Z - a tin of tremorstones (2/2)


   Skills:
 + Level 14.6 Fighting
 * Level 17.9 Polearms
 + Level 17.2 Dodging
 - Level 2.3 Stealth
 - Level 4.0 Shields
 - Level 8.0 Spellcasting
 - Level 7.0 Conjurations
 - Level 11.0 Summonings
 - Level 7.0 Ice Magic


You had 6 spell levels left.
You knew the following spells:

 Your Spells              Type           Power        Failure   Level
a - Magic Dart            Conj           100%         1%          1
b - Frozen Ramparts       Ice            100%         1%          3
c - Summon Ice Beast      Ice/Summ       64%          1%          4
d - Ozocubu's Armour      Ice            56%          1%          3
e - Blink                 Tloc           N/A          9%          2
f - Spellforged Servitor  Conj/Summ      32%          30%         7
g - Fulminant Prism       Conj/Hex       18%          4%          4
h - Apportation           Tloc           26%          6%          1

Your spell library contained the following spells:

 Spells                   Type           Power        Failure   Level
 Fireball                 Conj/Fire      18%          11%         5
 Foxfire                  Conj/Fire      100%         1%          1
 Freeze                   Ice            100%         1%          1
 Call Imp                 Summ           72%          1%          2
 Conjure Flame            Conj/Fire      36%          1%          3
 Mephitic Cloud           Conj/Pois/Air  28%          1%          3
 Hailstorm                Conj/Ice       56%          1%          4
 Inner Flame              Hex/Fire       13%          4%          3
 Sticky Flame             Conj/Fire      36%          4%          4
 Poisonous Vapours        Pois/Air       26%          9%          2
 Slow                     Hex            13%          9%          2
 Lesser Beckoning         Tloc           6%           17%         3
 Tukima's Dance           Hex            13%          17%         3
 Freezing Cloud           Conj/Ice/Air   21%          32%         6
 Cause Fear               Hex            6%           50%         4
 Alistair's Intoxication  Tmut/Pois      8%           85%         5
 Invisibility             Hex            13%          100%        6
 Dragon Form              Tmut           6%           100%        7
 Dragon's Call            Summ           36%          100%        9


Dungeon Overview and Level Annotations

Branches:
Dungeon (15/15)            Temple (1/1) D:5            Lair (6/6) D:11
  Swamp (0/4) Lair:2       Spider (1/4) Lair:2        Slime (0/5) Lair:5
    Orc (2/2) D:12            Elf (1/3) Orc:2        Vaults (0/5) D:14
 Depths (1/5) D:15          IceCv (visited)         Volcano (visited)

Altars:
Ashenzari
Cheibriados
Dithmenos
Elyvilon
Fedhas
Gozag
Hepliaklqana
Kikubaaqudgha
Makhleb
Nemelex Xobeh
Okawaru
Qazlal
Ru
Sif Muna
Trog
Uskayaw
Vehumet
Wu Jian
Xom
Yredelemnul
Zin
The Shining One
Beogh
Jiyva
Lugonu

Shops:
D:8 !   Orc:1 ?   Orc:2 ![=[=([*?   Elf:1 ?

Portals:
Abyss: D:15
Trove: D:14 (give 12 potions of heal wounds)


Message History

You block the redback zombie's attack.
Blink to where?
Press: ? - help, Dir - move target Your icy armour and frozen ramparts will break if you move.
Continue?
Your icy armour cracks and falls away as you move.
The frozen ramparts melt away as you move.
As you read the scroll of blinking, it crumbles to dust.
The wolf spider zombie hits your ice beast!
The wolf spider zombie bites your ice beast!
The redback zombie bites your ice beast!
Your ice beast hits the wolf spider zombie.
Your ice beast freezes the wolf spider zombie.
The wolf spider zombie resists.
The wolf spider zombie hits your ice beast!
The wolf spider zombie closely misses your ice beast.
You are caught in the web!
The redback zombie bites your ice beast.
Your ice beast closely misses the redback zombie.
The wolf spider zombie hits your ice beast!
Your ice beast dies!
There is a web here.
You struggle to detach yourself from the web.
Your ice beast is caught in a web!
The wolf spider zombie barely misses you.
The wolf spider zombie bites you.
* * * LOW HITPOINT WARNING * * *
The redback zombie bites the plant!
The plant begins to die.
You struggle to detach yourself from the web.
Your ice beast struggles to get unstuck from the web.
The wolf spider zombie hits you but does no damage.
The wolf spider zombie bites you but does no damage.
The redback zombie bites the plant.
The tarantella zombie bites you!
* * * LOW HITPOINT WARNING * * *
You struggle to detach yourself from the web.
The redback zombie bites the plant!
The wolf spider zombie closely misses you.
The wolf spider zombie bites you but does no damage.
Your ice beast struggles to get unstuck from the web.
The redback zombie bites the plant.
The tarantella zombie bites you!
You die...

#...........#
#(........#
#^.......#
#.......#
#......^#
#...Z.^##
##Y.ZZ.#
#^#PZZ#
####@## #.#
#.# #.# #.#
#.# #.# #<#
###


You could see 2 wolf spider zombies, a tarantella zombie, 2 redback zombies and
a friendly ice beast (summoned, webbed).

Vanquished Creatures
  Frances (D:12)
  A frost giant (IceCv)
  The ghost of Katiloc the Impaler, a journeyman MfGl of Yredelemnul (Lair:4)
  The ghost of Gaumudgh the Nimble, a journeyman TeWr of Vehumet (Lair:4)
  The ghost of Gaumudgh the Nimble, a journeyman TeWr of Vehumet (Lair:4)
  A fire dragon (Volcano)
  2 vault guards (D:14)
  4 ogre magi (Orc:2)
  Erolcha (D:9)
  10 hydras
  2 boulder beetles (Lair:3)
  A centaur warrior (D:15)
  A merfolk avatar (Lair:6)
  13 two-headed ogres
  7 death yaks
  A tengu warrior (D:11)
  Urug (Lair:1)
  An orc high priest (Orc:2)
  A fire crab (Lair:5)
  2 bog bodies (Lair:2)
  3 unseen horrors
  A wizard (D:14)
  A lindwurm (Volcano)
  5 wolf spider zombies (Spider:1)
  2 ugly things (D:11)
  A harpy (Lair:6)
  An orc knight (D:15)
  3 oklob plants
  2 manticores
  3 cyclopes
  An elephant (Lair:6)
  An ice statue (IceCv)
  10 black mambas
  2 gargoyles
  A torpor snail (Lair:6)
  10 komodo dragons
  10 cane toads
  A tengu conjurer (D:11)
  3 rime drakes
  A komodo dragon (shapeshifter) (D:13)
  4 redback zombies (Spider:1)
  An efreet (D:14)
  5 trolls
  15 polar bears
  Prince Ribbit (D:5)
  11 blink frogs
  2 hornets
  4 slime creatures (D:13)
  6 tarantella zombies (Spider:1)
  A water elemental (Orc:2)
  A spriggan (Lair:1)
  A shadow (D:12)
  5 wyverns
  35 yaks
  7 basilisks
  5 fire bats (Volcano)
  2 wraiths
  A steam dragon (Volcano)
  A warg (Orc:1)
  A swamp worm (Lair:2)
  A soldier ant (D:14)
  9 water moccasins
  An acid dragon (D:12)
  2 hell hounds (Volcano)
  2 ice beasts
  13 orc warriors
  2 sky beasts
  3 black bears
  32 ogres
  12 wolves
  13 centaurs
  2 phantoms (D:5)
  Blork the orc (D:4)
  2 kobold brigands (D:12)
  27 bullfrogs
  A wyvern zombie (D:12)
  A water moccasin zombie (D:11)
  A scorpion (D:11)
  7 killer bees
  5 wights (D:8)
  An electric eel (D:11)
  4 howler monkeys
  4 centaur zombies
  2 bullfrog zombies
  A quasit (D:11)
  A hound (D:10)
  A bullfrog skeleton (D:13)
  18 orc priests
  4 jellies
  3 centaur skeletons
  Crazy Yiuf (D:3)
  2 iguanas
  13 orc wizards
  3 hell rats (Lair:2)
  12 worker ants
  2 worker ant zombies
  10 adders
  4 gnolls (D:2)
  7 river rats (Lair:2)
  2 shadow imps
  13 white imps
  3 ufetubi
  6 oozes
  An adder skeleton (D:4)
  3 dart slugs
  5 leopard geckos
  71 orcs
  2 ball pythons (D:2)
  5 giant cockroaches
  7 goblins
  10 hobgoblins
  5 jackals
  11 quokkas
  11 bats
  2 frilled lizards
  15 kobolds
  A quokka zombie (D:7)
  19 rats
646 creatures vanquished.

Vanquished Creatures (collateral kills)
  An ettin (Orc:2)
  Snorg (D:13)
  2 vault guards (D:14)
  2 hydras
  2 ice dragons (D:15)
  7 two-headed ogres
  3 death yaks
  A deep elf archer (D:14)
  2 wizards (D:14)
  2 deep elf pyromancers (D:13)
  An orc knight (D:14)
  A cyclops (D:15)
  An ugly thing (D:11)
  A manticore (Lair:6)
  An orc sorcerer (Orc:2)
  3 elephants (Lair:4)
  7 cane toads (Lair:6)
  A centaur skeleton (D:15)
  A torpor snail (Lair:5)
  4 komodo dragons
  A tengu conjurer (D:13)
  2 redback zombies (Spider:1)
  6 rime drakes
  4 polar bears (IceCv)
  2 trolls
  A hornet (Lair:6)
  7 blink frogs
  2 wind drakes (Lair:6)
  6 slime creatures
  16 yaks
  3 wyverns
  A warg (D:15)
  5 water moccasins
  6 acid dragons
  6 orc warriors
  2 sky beasts
  A black bear (Lair:1)
  8 ogres
  2 eyes of draining
  3 centaurs
  2 wolves (Lair:4)
  2 bullfrogs
  A wyvern skeleton (D:14)
  An electric eel (Lair:2)
  5 orc priests
  6 orc wizards
  3 hell rats (Lair:2)
  2 river rats (Lair:2)
  An adder (D:11)
  A white imp (Lair:3)
  11 orcs
163 creatures vanquished.

Vanquished Creatures (others)
  A blink frog (Lair:6)
  11 fulminant prisms
  35 fungi
  2 lurking horrors (D:15)
  65 plants
114 creatures vanquished.

Grand Total: 923 creatures vanquished

Notes
Turn   | Place    | Note
-------+----------+-------------------------------------------
     0 | D:1      | omnomnOMINOUS the Merfolk Ice Elementalist began the quest
                  | for the Orb.
     0 | D:1      | Reached XP level 1. HP: 13/13 MP: 3/3
   242 | D:1      | Reached XP level 2. HP: 18/19 MP: 1/5
   429 | D:1      | Reached skill level 5 in Ice Magic
  1039 | D:2      | Reached XP level 3. HP: 24/24 MP: 4/6
  1088 | D:2      | Learned a level 3 spell: Frozen Ramparts
  1189 | D:2      | Reached skill level 1 in Polearms
  1299 | D:2      | Reached XP level 4. HP: 30/30 MP: 2/7
  1526 | D:2      | Found a stormy altar of Qazlal.
  1527 | D:2      | Noticed an earth elemental
  1528 | D:2      | Noticed an air elemental
  1528 | D:2      | Noticed a fire elemental
  1528 | D:2      | Noticed a water elemental
  1813 | D:2      | Reached XP level 5. HP: 34/35 MP: 6/8
  1825 | D:2      | Learned a level 4 spell: Summon Ice Beast
  2806 | D:3      | Found a runed translucent door.
  2807 | D:3      | Noticed Crazy Yiuf
  2813 | D:3      | Killed Crazy Yiuf
  3160 | D:4      | Reached XP level 6. HP: 27/41 MP: 5/9
  3276 | D:4      | Found a glowing silver altar of Zin.
  3701 | D:4      | Noticed Blork the orc
  4009 | D:5      | Entered Level 5 of the Dungeon
  4071 | D:5      | Found a staircase to the Ecumenical Temple.
  4079 | Temple   | Entered the Ecumenical Temple
  4367 | Temple   | Became a worshipper of Vehumet
  4486 | D:5      | Reached skill level 5 in Polearms
  4651 | D:5      | Noticed a sky beast
  4745 | D:5      | Found a glowing golden altar of the Shining One.
  4772 | D:5      | Killed a sky beast
  4928 | D:5      | Reached XP level 7. HP: 45/46 MP: 6/10
  5282 | D:5      | Noticed Prince Ribbit
  5703 | D:6      | Reached skill level 10 in Polearms
  5976 | D:7      | Reached XP level 8. HP: 52/52 MP: 8/11
  6356 | D:6      | Found an opulent altar of Gozag.
  6594 | D:6      | Found a broken altar of Ashenzari.
  6672 | D:6      | Found a shimmering altar of Xom.
  6812 | D:7      | Found an iron altar of Okawaru.
  7004 | D:7      | Reached * piety under Vehumet
  7004 | D:7      | Offered knowledge of Foxfire by Vehumet.
  7181 | D:7      | Learned a level 1 spell: Magic Dart
  7184 | D:7      | Learned a level 2 spell: Blink
  8197 | D:8      | Reached XP level 9. HP: 50/57 MP: 4/12
  8311 | D:8      | Got a jewelled cloak
  8322 | D:8      | Identified the +0 cloak of Insecurity {rElec rC+ Will+
                  | Dex+4} (You found it on level 8 of the Dungeon)
  8333 | D:8      | Found Lifufuy's Distillery.
  8363 | D:8      | Bought a potion of heal wounds for 70 gold pieces
  8363 | D:8      | Bought a potion of haste for 140 gold pieces
  8363 | D:8      | Bought a potion of resistance for 140 gold pieces
  8363 | D:8      | Bought a potion of curing for 42 gold pieces
  8363 | D:8      | Bought a potion of heal wounds for 70 gold pieces
  8363 | D:8      | Bought a potion of lignification for 42 gold pieces
  8755 | D:8      | Reached skill level 1 in Fighting
  8896 | D:8      | Reached skill level 1 in Summonings
  8941 | D:8      | Noticed a hornet
  9651 | D:4      | Killed Blork the orc
  9824 | D:5      | Killed Prince Ribbit
  9982 | D:9      | Offered knowledge of Shock by Vehumet.
  9991 | D:9      | Reached ** piety under Vehumet
 10138 | D:9      | Noticed a cyclops
 10162 | D:9      | Noticed Erolcha
 10195 | D:9      | Killed a cyclops
 10196 | D:9      | Reached skill level 5 in Dodging
 10636 | D:9      | Noticed a troll
 10652 | D:9      | Killed a troll
 10653 | D:9      | Reached XP level 10. HP: 73/73 MP: 5/13
 10803 | D:9      | Noticed a two-headed ogre
 10816 | D:9      | Noticed a two-headed ogre
 10885 | D:8      | Reached skill level 5 in Fighting
 11264 | D:9      | Found a shadowy altar of Dithmenos.
 11523 | D:10     | Entered Level 10 of the Dungeon
 11572 | D:10     | Offered knowledge of Static Discharge by Vehumet.
 11787 | D:10     | Reached skill level 5 in Summonings
 12112 | D:10     | Noticed a two-headed ogre
 12212 | D:11     | Noticed a white ugly thing
 12245 | D:10     | Reached *** piety under Vehumet
 12408 | D:11     | Noticed a two-headed ogre
 12408 | D:11     | Noticed a cyan ugly thing
 12419 | D:11     | Killed a two-headed ogre
 12465 | D:11     | Noticed an unseen horror
 12469 | D:11     | Killed an unseen horror
 12499 | D:11     | Found a staircase to the Lair.
 12587 | D:11     | Noticed a purple ugly thing
 12605 | D:11     | Killed a purple ugly thing
 12699 | D:11     | Found the +7 great mace "Firestarter" {inner flame, rF++}
 12742 | D:11     | Noticed a cyclops
 12833 | D:10     | Killed a two-headed ogre
 12834 | D:10     | Reached XP level 11. HP: 81/84 MP: 4/14
 12937 | D:9      | Killed a two-headed ogre
 12937 | D:9      | Offered knowledge of Olgreb's Toxic Radiance by Vehumet.
 13004 | D:9      | Killed a two-headed ogre
 13005 | D:9      | Reached skill level 10 in Dodging
 13131 | D:9      | Killed Erolcha
 13230 | D:11     | Noticed a two-headed ogre
 13246 | D:11     | Killed a two-headed ogre
 13303 | D:11     | Killed a cyan ugly thing
 13334 | D:11     | Noticed a cyclops
 13346 | D:11     | Killed a cyclops
 13495 | D:11     | Reached skill level 5 in Spellcasting
 13588 | D:11     | Killed a cyclops
 13657 | D:11     | Noticed a tengu warrior
 13690 | D:11     | Killed a tengu warrior
 13720 | D:11     | Killed a white ugly thing
 13720 | D:11     | Reached **** piety under Vehumet
 13721 | D:11     | Reached skill level 1 in Shields
 13721 | D:11     | Reached XP level 12. HP: 88/95 MP: 10/20
 13948 | D:11     | Noticed a four-headed hydra
 13954 | D:11     | Killed a four-headed hydra
 14075 | Lair:1   | Entered Level 1 of the Lair of Beasts
 14185 | Lair:1   | Learned a level 3 spell: Ozocubu's Armour
 14190 | Lair:1   | Learned a level 4 spell: Hailstorm
 14217 | Lair:1   | Offered knowledge of Fulminant Prism by Vehumet.
 14364 | Lair:1   | Noticed a five-headed hydra
 14385 | Lair:1   | Killed a five-headed hydra
 14487 | Lair:1   | Reached skill level 1 in Conjurations
 14813 | Lair:1   | Noticed Urug
 14860 | Lair:1   | Killed Urug
 15310 | Lair:2   | Learned a level 4 spell: Fulminant Prism
 15532 | Lair:2   | Found a hole to the Spider Nest.
 15754 | Lair:2   | Reached skill level 10 in Fighting
 15876 | Lair:2   | Found a staircase to the Swamp.
 16077 | Lair:2   | Reached ***** piety under Vehumet
 16077 | Lair:2   | Offered knowledge of Airstrike by Vehumet.
 16755 | Lair:3   | Noticed a boulder beetle
 16775 | Lair:3   | Killed a boulder beetle
 16776 | Lair:3   | Reached XP level 13. HP: 55/105 MP: 2/22
 16898 | Lair:3   | Found a frozen archway.
 16949 | IceCv    | Entered an ice cave
 17280 | IceCv    | Noticed a frost giant
 17366 | IceCv    | Killed a frost giant
 17367 | IceCv    | Reached skill level 5 in Conjurations
 18144 | IceCv    | Offered knowledge of Spellforged Servitor by Vehumet.
 18799 | Lair:4   | You fall into a shaft and drop 1 floor!
 18889 | Lair:4   | Learned a level 7 spell: Spellforged Servitor
 18996 | Lair:4   | Found a runed translucent gate.
 18996 | Lair:4   | Found a runed translucent gate.
 18996 | Lair:4   | Found a runed translucent gate.
 19009 | Lair:4   | Noticed Gaumudgh's ghost (journeyman TeWr)
 19009 | Lair:4   | Noticed Katiloc's ghost (journeyman MfGl)
 19009 | Lair:4   | Noticed Gaumudgh's ghost (journeyman TeWr)
 19679 | Lair:4   | Reached XP level 14. HP: 112/115 MP: 19/24
 20593 | Lair:5   | Found a viscous altar of Jiyva.
 20593 | Lair:5   | Found a staircase to the Slime Pits.
 20606 | Lair:5   | Reached skill level 15 in Polearms
 21505 | Lair:6   | Entered Level 6 of the Lair of Beasts
 21919 | Lair:6   | Offered knowledge of Irradiate by Vehumet.
 22071 | Lair:6   | Reached skill level 15 in Dodging
 22477 | Lair:6   | Noticed a dire elephant
 22875 | Lair:6   | Reached XP level 15. HP: 112/123 MP: 16/27
 22959 | Lair:6   | Got an encrusted helmet
 22965 | Lair:6   | Identified the +2 helmet of Defiance {rPois} (You found it
                  | on level 6 of the Lair of Beasts)
 23604 | D:12     | Upgraded the game from 0.27-a0-366-g8badd94918 to
                  | 0.27-a0-385-g3208abaabc
 23662 | D:12     | Noticed Frances
 23910 | D:12     | Found a staircase to the Orcish Mines.
 24265 | D:12     | Found a blossoming altar of Fedhas.
 24311 | D:12     | Found a transporter.
 24403 | D:12     | Found a transporter.
 25110 | D:8      | Bought a potion of curing for 42 gold pieces
 25110 | D:8      | Bought a potion of brilliance for 56 gold pieces
 25110 | D:8      | Bought a potion of lignification for 42 gold pieces
 25110 | D:8      | Bought a potion of resistance for 140 gold pieces
 25110 | D:8      | Bought a potion of invisibility for 112 gold pieces
 25110 | D:8      | Bought a potion of brilliance for 56 gold pieces
 25110 | D:8      | Bought a potion of brilliance for 56 gold pieces
 25110 | D:8      | Bought 2 potions of curing for 84 gold pieces
 25249 | Orc:1    | Entered Level 1 of the Orcish Mines
 25272 | Orc:1    | Found Keroung's Magic Scroll Emporium.
 25280 | Orc:1    | Bought a scroll of fog for 34 gold pieces
 25280 | Orc:1    | Bought a scroll of fear for 59 gold pieces
 25280 | Orc:1    | Bought a scroll of blinking for 127 gold pieces
 25280 | Orc:1    | Bought a scroll of teleportation for 51 gold pieces
 25280 | Orc:1    | Bought a scroll of fog for 34 gold pieces
 25367 | Orc:1    | Found a dark tunnel.
 25376 | Volcano  | Entered a volcano
 25563 | Volcano  | Reached ****** piety under Vehumet
 26079 | Orc:1    | Offered knowledge of Iskenderun's Battlesphere by Vehumet.
 26356 | Orc:2    | Entered Level 2 of the Orcish Mines
 26651 | Orc:2    | Reached skill level 10 in Summonings
 26998 | Orc:2    | Found Bemoon's Magic Scroll Shop.
 27063 | Orc:2    | Found Baug Yxt's Assorted Antiques.
 27083 | Orc:2    | Bought a twitching zirconium amulet for 135 gold pieces
 27083 | Orc:2    | Bought a potion of magic for 216 gold pieces
 27093 | Orc:2    | Identified the amulet "Ximeatoq" {Spirit *Corrode rF- Str+9
                  | Int+4} (You bought it in a shop on level 2 of the Orcish
                  | Mines)
 27235 | Orc:2    | Found a staircase to the Elven Halls.
 27525 | Orc:2    | Found a roughly hewn altar of Beogh.
 27618 | Orc:2    | Found Joas's Jewellery Boutique.
 27740 | Orc:2    | Found Ometi's Distillery.
 27748 | Orc:2    | Bought a potion of heal wounds for 65 gold pieces
 27748 | Orc:2    | Bought a potion of heal wounds for 65 gold pieces
 27840 | Orc:2    | Found Xopnause's Armour Shop.
 27988 | Orc:2    | Found Laorgh's Armour Boutique.
 27988 | Orc:2    | Found Ejajac's Jewellery Shoppe.
 27989 | Orc:2    | Found Diutetar's Antique Weapon Shoppe.
 27989 | Orc:2    | Found Ucut's Armour Shop.
 28284 | Orc:2    | Found a roughly hewn altar of Beogh.
 28305 | Orc:2    | Offered knowledge of Eringya's Noxious Bog by Vehumet.
 28430 | Elf:1    | Entered Level 1 of the Elven Halls
 28430 | Elf:1    | Found Xyrheot's Magic Scroll Shop.
 29104 | D:13     | Noticed Snorg
 29117 | D:13     | Killed Snorg
 30102 | D:14     | Found a bloodstained altar of Trog.
 30124 | D:14     | Found a portal to a secret trove of treasure.
 30140 | D:14     | Offered knowledge of Fireball by Vehumet.
 30217 | D:14     | Found a gate to the Vaults.
 30247 | D:14     | Reached XP level 16. HP: 100/133 MP: 9/28
 30322 | D:14     | Found a flickering gateway to a bazaar.
 30348 | Bazaar   | Entered a bazaar
 30415 | Bazaar   | Found Omnyan's Assorted Antiques.
 30415 | Bazaar   | Found Okuen's Antique Weapon Emporium.
 30426 | Bazaar   | Bought a metal-bound book for 360 gold pieces
 30437 | Bazaar   | Found Coleovat's Antique Weapon Emporium.
 30453 | Bazaar   | Found Paoholuwn's Weapon Emporium.
 31755 | D:15     | Entered Level 15 of the Dungeon
 32659 | D:15     | Found a one-way gate to the infinite horrors of the Abyss.
 32663 | D:15     | Found a corrupted altar of Lugonu.
 33408 | D:15     | Found a staircase to the Depths.
 33435 | Depths:1 | Entered Level 1 of the Depths
 33435 | Depths:1 | Noticed a tentacled monstrosity
 33607 | D:12     | Killed Frances
 34305 | Lair:4   | Killed Katiloc's ghost
 34309 | Lair:4   | Killed Gaumudgh's ghost
 34356 | Lair:4   | Killed Gaumudgh's ghost
 34376 | Lair:4   | Learned a level 1 spell: Apportation
 34499 | Spider:1 | Entered Level 1 of the Spider Nest
 35012 | Spider:1 | Slain by a tarantella zombie

Illustrated notes

Levels and vault maps discovered:
D:1:      minmay_arrival_stair_chambers, layout_rooms
D:2:      layout_loops_cross, nicolae_qazlal_style_of_elements
D:3:      layout_basic, uniq_crazy_yiuf_cottage
D:4:      wad_lake_hut, layout_basic, amcnicky_altar_gilded, uniq_blork_the_orc
D:5:      layout_rooms, lemuel_doored_altar, minmay_temple_entry_mist,
          uniq_prince_ribbit1
D:6:      layout_rooms, ashenzari_conservatory_becter, xom_butterflies,
          minmay_misc_feat_five, dk_noncrumbling_4, grunt_gozag_breadcrumbs
D:7:      layout_basic, okawaru_trees_1
D:8:      layout_basic, serial_shops, shop
D:9:      layout_roguey, basic_altar, dk_noncrumbling_3,
          hangedman_little_slice_of_home, uniq_erolcha
D:10:     layout_loops_ring
D:11:     layout_loops_ring, lair_entry_dummy, grunt_ministairs_10,
          lightli_minifort
D:12:     gammafunk_cloud_chamber, layout_loops_corners, erik_orc_3,
          nrook_loot_triangle, fedhas_altar_3, uniq_frances
D:13:     layout_stronghold, uniq_snorg
D:14:     layout_cave_pools, grunt_vaults_entry_fortified,
          serial_co_window_serial, co_window_of_opportunity_a,
          co_window_corner_a, co_window_corner_a, co_window_paths_a,
          co_window_cross_1, co_window_broadway_c, co_window_broadway_a,
          co_window_unsneaky_path_d, co_window_paths_e, co_window_4corner_b,
          basic_altar, nicolae_trove_entry_free_sample, serial_shops,
          bzr_entry_gold, kennysheep_generic_room_13
D:15:     grunt_enter_depths_hoard, layout_irregular_city,
          chequers_serial_rivers_micro_b, amcnicky_altar_lugonu_corruption
Temple:   dpeg_five_rooms_temple
Lair:1:   layout_chaotic_city, wad_woods_03, grunt_megastairs_2,
          infiniplex_staircase_pool_2, uniq_urug
Lair:2:   lemuel_ratsnest, layout_regular_city,
          nicolae_swamp_entry_splash_gauntlet, spider_nest_entry_web_field
Lair:3:   layout_loops_ring, portal_ice_cave_entry_imps, serial_bayou_pond_e,
          serial_bayou_shore_b, minmay_lair_oklob_chamber, grunt_megastairs_1
Lair:4:   nzn_winding_woodlands_three_and_one
          [nzn_winding_woodlands_5x15_garden,
          nzn_winding_woodlands_5x15_sawtooth, nzn_winding_woodlands_5x15_cabin,
          nzn_winding_woodlands_center_lodge], layout_regular_city,
          gammafunk_ghost_cemetery
Lair:5:   layout_regular_city, slime_altar_1, beast_lair_carwin_2
Lair:6:   gammafunk_lair_ancient_temple, layout_hall_layers
Spider:1: lemuel_spider_zombies, uniq_azrael
Orc:1:    layout_diamond_mine, serial_shops, nicolae_shop_stone,
          nicolae_volcano_entry_hallway
Orc:2:    st_orc_ogre_mass, layout_diamond_mine, serial_shops, shop, shop, shop,
          nicolae_shop_crystal, shop, basic_altar, minmay_orc_temple_c
Elf:1:    layout_loops_cross, serial_shops, shop_fountains, evilmike_minifort,
          nicolae_elf_glass_and_crystal_pillar_2, corexii_leaking_fountain
Depths:1: minmay_spriggan_fort, layout_cave_pools, hell_entry,
          grunt_pan_entry_spiral, serial_glass, glass_columns_b,
          glass_columns_a, glass_columns_b, glass_columns_c, feat_on_display,
          feat_on_display, item_on_display_a, feat_on_display,
          serial_sigils_hangedman_writhe, st_stairs_6, hangedman_feature_mirror,
          infiniplex_staircase_pool_lava, uniq_nikola

Skill      XL: |  1  2  3  4  5  6  7  8  9 10 11 12 13 14 15 16 |
---------------+-------------------------------------------------+-----
Ice Magic      | 5 6 7 |  7.0
Polearms       | 1 2 3 7 10 13 14 15 17 | 17.9
Dodging        | 6 9 11 12 14 15 16 17 | 17.2
Fighting       | 4 7 9 10 12 13 14 | 14.6
Summonings     | 4 6 7 9 10 11 | 11.0
Spellcasting   | 5 6 7 8 |  8.0
Shields        | 1 4 |  4.0
Conjurations   | 4 5 6 7 |  7.0
Stealth        | |  2.3

Action                   |  1- 3 |  4- 6 |  7- 9 | 10-12 | 13-15 | 16-18 || total
-------------------------+-------+-------+-------+-------+-------+-------++-------
Melee: Dagger            |    44 |       |       |       |       |       ||    44
       Trident           |    16 |   114 |   226 |   534 |  1297 |   441 ||  2628
       Tailslap          |       |       |     2 |     4 |     1 |       ||     7
       Halberd           |       |       |       |       |   319 |       ||   319
Throw: Javelin           |       |       |     4 |       |       |       ||     4
       Dart              |       |       |     1 |       |       |       ||     1
 Cast: Freeze            |    29 |    27 |    43 |    13 |       |       ||   112
       Frozen Ramparts   |     1 |     8 |    16 |    45 |    89 |    20 ||   179
       Magic Dart        |       |       |    31 |    26 |     2 |       ||    59
       Summon Ice Beast  |       |       |     5 |    51 |   175 |    59 ||   290
       Ozocubu's Armour  |       |       |       |    10 |    37 |     6 ||    53
       Hailstorm         |       |       |       |     2 |     2 |       ||     4
       Fulminant Prism   |       |       |       |     1 |    10 |       ||    11
       Blink             |       |       |       |       |     2 |       ||     2
Evoke: Wand              |       |       |       |     1 |     1 |       ||     2
  Use: Scroll            |       |     6 |     9 |     8 |     8 |     2 ||    33
       Potion            |       |       |     1 |       |     8 |     1 ||    10
 Stab: Sleeping          |     1 |     7 |     7 |     7 |    12 |     1 ||    35
       Distracted        |       |     1 |       |    11 |    10 |     3 ||    25
       Paralysed         |       |       |       |     6 |       |       ||     6
       Held in net/web   |       |       |       |       |       |     5 ||     5
Armor: Robe              |    26 |    19 |    21 |       |       |       ||    66
       Skin              |       |       |     6 |       |    26 |       ||    32
       Troll leather arm |       |       |       |    36 |   120 |       ||   156
       Leather armour    |       |       |       |       |    38 |    22 ||    60
       Acid dragon scale |       |       |       |       |       |    68 ||    68
Dodge: Dodged            |    75 |    74 |    78 |   141 |   885 |   298 ||  1551
Block: Other             |       |       |    12 |    25 |    66 |       ||   103
       Reflection        |       |       |       |     3 |    19 |     5 ||    27
       Buckler           |       |       |       |    76 |   506 |   254 ||   836

Table legend: (Time is in decaauts)
 A = Elapsed time spent in this place.
 B = Non-inter-level travel time spent in this place.
 C = Inter-level travel time spent in this place.
 D = Time resting spent in this place.
 E = Time spent auto-exploring this place.
 F = Levels seen in this place.
 G = Mean time per level.
                   A        B        C        D        E       F      G
               +--------+--------+--------+--------+--------+-----+--------+
         Total |  33769 |  31056 |   2713 |   6375 |  16911 |  30 | 1125.6 |
       Dungeon |  20558 |  18714 |   1844 |   4293 |  10346 |  15 | 1370.5 |
        Temple |    317 |    214 |    103 |      0 |    212 |   1 |  317.0 |
          Lair |   8033 |   7398 |    635 |    873 |   4381 |   6 | 1338.8 |
   Spider Nest |    443 |    443 |      0 |    235 |     47 |   1 |  443.0 |
  Orcish Mines |   2639 |   2509 |    130 |    456 |   1242 |   2 | 1319.5 |
   Elven Halls |      1 |      1 |      0 |      0 |      0 |   1 |    1.0 |
        Depths |      1 |      1 |      0 |      0 |      0 |   1 |    1.0 |
        Bazaar |    126 |    126 |      0 |      0 |    120 |   1 |  126.0 |
      Ice Cave |   1209 |   1209 |      0 |    518 |    252 |   1 | 1209.0 |
       Volcano |    437 |    437 |      0 |      0 |    310 |   1 |  437.0 |
               +--------+--------+--------+--------+--------+-----+--------+

Top non-repeatable levels by time:
    D:12: 2080 daAuts
     D:8: 1887 daAuts
   Orc:2: 1850 daAuts
    D:15: 1726 daAuts
     D:9: 1655 daAuts
  Lair:4: 1655 daAuts
  Lair:5: 1606 daAuts
    D:13: 1505 daAuts
    D:14: 1472 daAuts
    D:11: 1396 daAuts
  Lair:6: 1349 daAuts
     D:5: 1247 daAuts
     D:6: 1223 daAuts
  Lair:2: 1222 daAuts
   IceCv: 1209 daAuts
